 Dungeon Crawl Stone Soup version 0.29.1-13-g9f3cf754e1 (webtiles) character file.

Game seed: 7541439883279157153

9 tizbic2 the Trooper (level 2, -1/26 HPs)
             Began as a Ghoul Fighter on Feb 11, 2023.
             Slain by a kobold
             ... wielding a +0 whip
              (3 damage)
             ... on level 1 of the Dungeon.
             The game lasted 00:00:30 (66 turns).

tizbic2 the Trooper (Ghoul Fighter)                   Turns: 66, Time: 00:00:31

Health: -1/26      AC:  6    Str: 19    XL:     2   Next: 12%
Magic:  1/1        EV:  9    Int:  3    God:
Gold:   5          SH:  4    Dex:  8    Spells: 1/1 levels left

rFire   . . .      SeeInvis .   a - +0 war axe
rCold   + . .      Faith    .   c - +0 buckler
rNeg    + + +      Spirit   .   b - +0 scale mail
rPois   ∞          Reflect  .   (no helmet)
rElec   .          Harm     .   (no cloak)
rCorr   .          Rampage  .   (no gloves)
Will    .....                   (no boots)
Stlth   ..........              (no amulet)
HPRegen 0.00/turn               (no ring)
MPRegen 0.07/turn               (no ring)

@: inhibited regen
A: claws 1, cold resistance 1, negative energy resistance 3, inhibited
regeneration, torment resistance 2, devour on kill
a: no special abilities


You were on level 1 of the Dungeon.
You visited 1 branch of the dungeon, and saw 1 of its levels.

You collected 5 gold pieces.

Inventory:

Hand Weapons
 a - a +0 war axe (weapon)
Armour
 b - a +0 scale mail (worn)
 c - a +0 buckler (worn)
Potions
 d - a potion of might


   Skills:
 + Level 3.4 Fighting
 * Level 2.1 Axes
 + Level 2.8 Armour
 + Level 2.8 Shields


You had one spell level left.
You didn't know any spells.
Your spell library was empty.

Dungeon Overview and Level Annotations

Branches:
Dungeon (1/15)

Altars:


Innate Abilities, Weirdness & Mutations

You are immune to poison.
You have sharp fingernails.
Your flesh is cold resistant. (rC+)
You are immune to negative energy. (rN+++)
You do not regenerate when monsters are visible.
You are immune to unholy pain and torment.
You thrive by killing the living.


Message History

The bat barely misses you. The jackal barely misses you.
You closely miss the kobold. You barely miss the jackal.
The jackal barely misses you. The kobold hits you with a +0 whip.
The jackal bites you but does no damage.
You closely miss the jackal. x2; You barely miss the kobold.
The jackal closely misses you. The kobold hits you but does no damage.
The jackal closely misses you. The jackal barely misses you.
The kobold hits you but does no damage. The jackal misses you.
The jackal attacks as you move away!
The jackal bites you but does no damage.
The kobold attacks as you move away! The kobold barely misses you.
You barely miss the jackal. You closely miss the jackal.
The jackal closely misses you. x3; The jackal barely misses you.
You hit the jackal.
The jackal is moderately wounded.
You hit the jackal but do no damage. The jackal barely misses you.
You block the jackal's attack. x2
The jackal bites you but does no damage.
You slash the jackal!
You kill the jackal!
You feel better.
You slash the jackal!
You kill the jackal!
You feel better. The bat hits you but does no damage.
Your Axes skill increases to level 2!
Unknown command.
You miss the kobold. You block the bat's attack.
The kobold hits you with a +0 whip. x2
* * * LOW HITPOINT WARNING * * *
You slash the dart slug!
You kill the dart slug!
You closely miss the kobold. The bat hits you but does no damage.
The kobold hits you with a +0 whip.
* * * LOW HITPOINT WARNING * * *
You have reached level 2!
You hit the kobold but do no damage. You barely miss the bat.
The bat closely misses you. The kobold hits you with a +0 whip.
* * * LOW HITPOINT WARNING * * *
You closely miss the kobold. The bat hits you but does no damage.
The kobold hits you with a +0 whip.
You die...

#.###.###.#
##### ....
#........>#
....#
#.###.###.#
##### ......
#.# #.# #.#
#...#
...#.###.# ###
#.###.###
.....#.#
#....>#
#.#.#.###
###.###.###
#.b†#...#
#...# #...#
#.gK@.###
##### #####
##g#........
...#........
!....#########
.......
#......
#......
.......


You could see a hobgoblin, a goblin, a bat and a kobold.

Vanquished Creatures
  A dart slug (D:1)
  A hobgoblin (D:1)
  3 jackals (D:1)
  A ball python (D:1)
6 creatures vanquished.

Notes
Turn   | Place    | Note
-------+----------+-------------------------------------------
     0 | D:1      | tizbic2 the Ghoul Fighter began the quest for the Orb.
     0 | D:1      | Reached XP level 1. HP: 19/19 MP: 0/0
    65 | D:1      | Reached XP level 2. HP: 6/26 MP: 1/1
    66 | D:1      | Slain by a kobold

Illustrated notes

Levels and vault maps discovered:
D:1:      evilmike_arrival_hilbert_curve, layout_basic

Skill      XL: |  1 |
---------------+----+-----
Axes           | 2 |  2.1
Fighting       | |  3.4
Armour         | |  2.8
Shields        | |  2.8

Action                   || total
-------------------------++-------
Melee: War axe           ||    12
Armor: Scale mail        ||     8
Dodge: Dodged            ||    16
Block: Buckler           ||     4
